 Dungeon Crawl Stone Soup version 0.28-a0-297-g99b01970c5 (webtiles) character file.

Game seed: 6151882061684329359

732 Colgate the Twirler (level 7, 52/52 HPs)
             Began as a Demonspawn Gladiator on Aug 29, 2021.
             Was a Believer of Ashenzari.
             Quit the game on level 4 of the Dungeon.
             The game lasted 00:44:41 (7419 turns).

Colgate the Twirler (Demonspawn Gladiator)          Turns: 7419, Time: 00:44:42

Health: 52/52      AC:  8    Str: 17    XL:     7   Next: 45%
Magic:  7/7        EV: 11    Int:  9    God:    Ashenzari [**....]
Gold:   232        SH:  0    Dex: 14    Spells: 6/6 levels left

rFire   . . .      SeeInvis +   a - +0 quarterstaff of Ashenzari's Sorrow {Bglg, Comp} (curse)
rCold   . . .      Faith    .   (shield currently unavailable)
rNeg    . . .      Spirit   .   e - +0 ring mail of the Firmament {Elem, Range} (curse)
rPois   .          Reflect  .   c - +0 helmet of Toth-Mos's Legacy {Elem, Self} (curse)
rElec   .          Harm     .   (no cloak)
rCorr   .          Rampage  .   (no gloves)
Will    .....                   (no boots)
Stlth   +.........              (no amulet)
HPRegen 0.17/turn               (no ring)
MPRegen 0.10/turn               (no ring)

@: no status effects
A: icy blue scales 1, ignite blood 1, spiny 1
a: Renounce Religion, Curse Item, Shatter the Chains


You were on level 4 of the Dungeon.
You worshipped Ashenzari.
Ashenzari was pleased with you.
You visited 1 branch of the dungeon, and saw 4 of its levels.

You collected 232 gold pieces.

Inventory:

Hand Weapons
 a - the cursed +0 quarterstaff of Ashenzari's Sorrow (weapon) {Bglg, Comp}

   It has a curse which improves the following skills: Beguiling: Conjurations,
   Hexes and Translocations.
   Companions: Summonings and Necromancy.
Missiles
 h - 137 stones
 i - 2 poisoned darts (quivered)
Armour
 c - the cursed +0 helmet of Toth-Mos's Legacy (worn) {Elem, Self}

   It has a curse which improves the following skills: Elements: Fire Magic, Ice
   Magic, Air Magic and Earth Magic.
   Introspection: Fighting and Spellcasting.
 e - the cursed +0 ring mail of the Firmament (worn) {Elem, Range}
   (You found it on level 1 of the Dungeon)

   It has a curse which improves the following skills: Elements: Fire Magic, Ice
   Magic, Air Magic and Earth Magic.
   Ranged Combat: Slings, Bows, Crossbows and Throwing.
 f - a +1 robe of positive energy
Magical Staves
 l - a staff of air
Scrolls
 d - a scroll of silence
 k - a scroll of magic mapping
Potions
 b - a potion of berserk rage
 g - a potion of magic
 j - a potion of attraction


   Skills:
 - Level 2.0(3.1) Fighting
 + Level 5.4 Staves
 - Level 5.0(6.4) Throwing
 - Level 3.0 Armour
 - Level 2.6 Dodging
 - Level 1.1 Stealth


You had 6 spell levels left.
You didn't know any spells.
Your spell library contained the following spells:

 Spells                   Type           Power      Damage    Failure   Level
 Sting                    Tmut/Pois      0%         1d3       58%         1


Dungeon Overview and Level Annotations

Branches:
Dungeon (4/15)
 Temple: D:4-7

Altars:
Ashenzari
Cheibriados
Nemelex Xobeh
Okawaru
Sif Muna
Trog


Innate Abilities, Weirdness & Mutations

You are partially covered in icy blue scales. (AC +2)
Your demonic aura sometimes causes spilled blood to erupt in flames.
You are partially covered in sharp spines.


Message History

The iguana is heavily wounded.
The hound skeleton bites you but does no damage.
The iguana is struck by your spines. The iguana bites you.
You hit the iguana but do no damage.
The iguana is almost dead.
The hound skeleton is struck by your spines.
The hound skeleton bites you but does no damage.
The iguana is struck by your spines.
You kill the iguana!
The hound skeleton is struck by your spines.
You destroy the hound skeleton!
Your Staves skill increases to level 5!
You sock the wyvern skeleton!
The wyvern skeleton is moderately damaged.
The wyvern skeleton barely misses you.
You hit the wyvern skeleton.
The wyvern skeleton is heavily damaged.
The wyvern skeleton bites you!
The wyvern skeleton is struck by your spines.
The wyvern skeleton bites you but does no damage.
You barely miss the wyvern skeleton.
The wyvern skeleton is severely damaged.
The wyvern skeleton is struck by your spines.
The wyvern skeleton bites you.
You hit the wyvern skeleton.
The wyvern skeleton is almost destroyed.
The wyvern skeleton barely misses you.
You sock the wyvern skeleton!
You destroy the wyvern skeleton!
b - a potion of berserk rage
Things that are here:
a +0 war axe; a +1 robe of positive energy; the orc corpse of Blork the orc
f - a +1 robe of positive energy HP restored.
You see here a hobgoblin corpse.
i - 2 poisoned darts (gained 1)
h - 136 stones (gained 1) Ashenzari invites you to partake of a vision and a curse of cunning and fortitude.
h - 137 stones (gained 1) Are you sure you want to abandon this character and quit the game? (Confirm with "yes".)

, * , , ** , ##
....## #. * *
...#....###.. , , ,
##.#......#.#* ,,
............## ,
#.........?.##. , *
.#.............. ,
......(......... ,
,** #...@........ ,
..# ###(.........
##..#* #..........
#....#* ##†<#.....
#.....##
##.##.....,,
##..##..###..# ....,
* #.......#.#..##
.... ,
##...........#.....,
*
#.[.....##.........


There were no monsters in sight!

Vanquished Creatures
  An ogre (D:2)
  Blork the orc (D:4)
  A wyvern skeleton (D:4)
  A hound (D:4)
  Terence (D:3)
  2 iguanas
  A hound skeleton (D:4)
  A mummy (D:3)
  A howler monkey skeleton (D:4)
  4 adders
  23 gnolls
  A white imp (D:3)
  19 orcs
  4 ball pythons
  A bat (D:1)
  4 endoplasms
  A giant cockroach (D:1)
  8 goblins
  10 hobgoblins
  16 jackals
  4 kobolds
  2 quokkas
  7 frilled lizards
  6 rats
120 creatures vanquished.

Vanquished Creatures (others)
  4 plants (D:3)
4 creatures vanquished.

Grand Total: 124 creatures vanquished

Notes
Turn   | Place    | Note
-------+----------+-------------------------------------------
     0 | D:1      | Colgate the Demonspawn Gladiator began the quest for the
                  | Orb.
     0 | D:1      | Reached XP level 1. HP: 16/16 MP: 1/1
   329 | D:1      | Found a faded altar of an unknown god.
   333 | D:1      | Became a worshipper of Ashenzari the Shackled
   785 | D:1      | Gained mutation: You are partially covered in sharp spines.
                  | [demonic ancestry]
   785 | D:1      | Reached XP level 2. HP: 16/23 MP: 2/2
  1928 | D:1      | Reached * piety under Ashenzari
  1928 | D:1      | Reached ** piety under Ashenzari
  2532 | D:2      | Reached XP level 3. HP: 29/29 MP: 3/3
  3258 | D:2      | Reached skill level 1 in Armour
  3458 | D:3      | Reached XP level 4. HP: 35/35 MP: 4/4
  3519 | D:3      | Found a snail-covered altar of Cheibriados.
  3665 | D:3      | Noticed an ogre
  4282 | D:3      | Identified Sif Muna's Guide on Envenoming
  4319 | D:3      | Noticed Terence
  4464 | D:3      | Reached skill level 1 in Stealth
  4490 | D:2      | Killed an ogre
  4491 | D:2      | Gained mutation: You are partially covered in icy blue
                  | scales. (AC +2) [demonic ancestry]
  4491 | D:2      | Reached XP level 5. HP: 41/41 MP: 5/5
  4622 | D:3      | Found an iron altar of Okawaru.
  4692 | D:3      | Found a sparkling altar of Nemelex Xobeh.
  4800 | D:3      | Found a broken altar of Ashenzari.
  4857 | D:3      | Reached XP level 6. HP: 32/47 MP: 6/6
  5143 | D:3      | Found a shimmering blue altar of Sif Muna.
  5160 | D:3      | Killed Terence
  5161 | D:3      | Found a bloodstained altar of Trog.
  6362 | D:3      | Reached skill level 5 in Throwing
  6417 | D:3      | Gained mutation: Your demonic aura sometimes causes spilled
                  | blood to erupt in flames. [demonic ancestry]
  6417 | D:3      | Reached XP level 7. HP: 48/52 MP: 7/7
  6665 | D:3      | Found an iron altar of Okawaru.
  6714 | D:3      | Found a snail-covered altar of Cheibriados.
  7050 | D:3      | Found a bloodstained altar of Trog.
  7056 | D:3      | Found a shimmering blue altar of Sif Muna.
  7234 | D:3      | Found a sparkling altar of Nemelex Xobeh.
  7241 | D:3      | Found a broken altar of Ashenzari.
  7299 | D:4      | Noticed Blork the orc
  7318 | D:4      | Killed Blork the orc
  7324 | D:4      | Reached skill level 5 in Staves
  7419 | D:4      | Quit the game

Illustrated notes

Levels and vault maps discovered:
D:1:      dpeg_arrival_water_temple_mockup, layout_basic,
          ebering_ecumenical_altar_box
D:2:      layout_basic
D:3:      lemuel_castle_with_subvaults [lemuel_castle_interior_original],
          layout_basic, nzn_overflow_gifts_of_might_and_magic,
          chei_slow_surprise, okawaru_altar_gauntlet_db, minitemple
D:4:      layout_cave_pools, serial_shops, shop, uniq_blork_the_orc,
          uniq_sigmund

Skill      XL: |  1  2  3  4  5  6  7 |
---------------+----------------------+-----
Staves         | 3 4 5 |  5.4
Armour         | 1 2 3 |  3.0
Throwing       | 2 3 5 |  5.0
Stealth        | 1 |  1.1
Fighting       | |  2.0
Dodging        | |  2.6

Action                   |  1- 3 |  4- 6 |  7- 9 || total
-------------------------+-------+-------+-------++-------
Melee: Quarterstaff      |    65 |   148 |    22 ||   235
Throw: Stone             |    57 |    51 |     7 ||   115
       Dart              |     6 |    33 |     3 ||    42
       Throwing net      |     3 |     2 |       ||     5
Invok: Curse Item        |     3 |       |       ||     3
 Stab: Held in net/web   |     1 |     1 |       ||     2
Armor: Leather armour    |    11 |       |       ||    11
       Ring mail         |     4 |    33 |     5 ||    42
Dodge: Dodged            |    29 |    83 |    13 ||   125

Table legend: (Time is in decaauts)
 A = Elapsed time spent in this place.
 B = Non-inter-level travel time spent in this place.
 C = Inter-level travel time spent in this place.
 D = Time resting spent in this place.
 E = Time spent auto-exploring this place.
 F = Levels seen in this place.
 G = Mean time per level.
                   A        B        C        D        E       F      G
               +--------+--------+--------+--------+--------+-----+--------+
         Total |   7444 |   7264 |    180 |   2034 |   3618 |   4 | 1861.0 |
       Dungeon |   7444 |   7264 |    180 |   2034 |   3618 |   4 | 1861.0 |
               +--------+--------+--------+--------+--------+-----+--------+

Top non-repeatable levels by time:
     D:3: 2811 daAuts
     D:2: 2408 daAuts
     D:1: 2076 daAuts
     D:4: 147 daAuts
